 Dungeon Crawl Stone Soup version 0.25-a0-160-gd1d2e81aba (webtiles) character file.

Game seed: 3518588711882394649, levelgen mode: deterministic

10318 ragvald the Basher (level 11, -2/95 HPs)
             Began as a Minotaur Berserker on Nov 21, 2019.
             Was a High Priest of Trog.
             Hit by a large rock thrown by a cyclops (37 damage)
             ... on level 11 of the Dungeon.
             The game lasted 00:18:19 (9470 turns).

ragvald the Basher (Minotaur Berserker)             Turns: 9470, Time: 00:18:20

Health: -2/95      AC: 14    Str: 29    XL:     11   Next: 34%
Magic:  10/10      EV: 10    Int:  6    God:    Trog [*****.]
Gold:   632        SH:  0    Dex:  9    Spells: 10/10 levels left

rFire    + . .     SeeInvis .   g - +4 lajatang
rCold    x x .     Gourm    .   (shield currently unavailable)
rNeg     . . .     Faith    .   t - +1 plate armour
rPois    .         Spirit   .   (helmet restricted)
rElec    .         Reflect  .   (no cloak)
rCorr    .         Harm     .   (no gloves)
MR       .....                  (no boots)
Stlth    ..........             (no amulet)
HPRegen  0.25/turn              e - ring of fire
MPRegen  0.12/turn              y - ring of the Present {rC- Str+5 Stlth+}

@: berserk cooldown, slowed, very slow
A: retaliatory headbutt, horns 2
a: Berserk, Trog's Hand, Brothers in Arms, Renounce Religion


You were on level 11 of the Dungeon.
You worshipped Trog.
Trog was extremely pleased with you.
You were not hungry.

You visited 1 branch of the dungeon, and saw 11 of its levels.

You collected 632 gold pieces.

Inventory:

Hand Weapons
 a - a +1 mace
 g - a +4 lajatang (weapon)
 p - a +0 flail
 s - a cursed +0 great sword
 u - a +1 flail of crushing
 C - a +0 flail of protection
 F - the +1 mace of Punishment {pain, Dex+7}
   (You found it on level 5 of the Dungeon)

   In the hands of one skilled in necromantic magic, it inflicts extra damage on
   living creatures.
   It affects your dexterity (+7).
 M - a +2 quarterstaff of draining
Armour
 b - a +0 animal skin
 f - a +0 ring mail
 m - a +0 chain mail
 t - a +1 plate armour (worn)
 v - a +4 ring mail
 E - a +3 chain mail
Jewellery
 e - a ring of fire (left hand)
 y - the ring of the Present (right hand) {rC- Str+5 Stlth+}
   (You found it on level 4 of the Dungeon)

   [ring of stealth]

   It affects your strength (+5).
   It makes you vulnerable to cold.
   It makes you more stealthy.
 G - an uncursed amulet of guardian spirit {unknown}
 H - an uncursed ring of positive energy {unknown}
Wands
 r - a wand of polymorph (6)
 D - a wand of iceblast (11)
 J - a wand of flame (21)
 L - a wand of scattershot (5)
Scrolls
 k - a scroll of enchant weapon
 o - 5 scrolls of teleportation
 x - 3 scrolls of fear
 z - 2 scrolls of remove curse
 I - a scroll of identify
Potions
 d - 2 potions of berserk rage {unknown}
 h - 2 potions of flight {unknown}
 i - 6 potions of curing {unknown}
 j - 2 potions of lignification {unknown}
 l - 6 potions of heal wounds {unknown}
 n - 5 potions of brilliance {unknown}
 q - 3 potions of haste {unknown}
 w - 2 potions of ambrosia {unknown}
 A - 4 potions of might {unknown}
 B - a potion of resistance {unknown}
 K - a potion of degeneration {unknown}
Comestibles
 c - 12 rations


   Skills:
 + Level 8.4 Fighting
 - Level 12.2(14.0) Maces & Flails
 - Level 12.0(14.0) Staves
 + Level 7.9 Armour
 + Level 7.2 Dodging


You had 10 spell levels left.
You didn't know any spells.
Your spell library was empty.

Dungeon Overview and Level Annotations

Branches:
Dungeon (11/15)            Temple (0/1) D:7            Lair (0/6) D:11
    Orc: D:9-12

Altars:
Fedhas
Gozag
Okawaru
Qazlal
Sif Muna
Trog
Uskayaw
Xom
Yredelemnul
The Shining One

Shops:
D:5 }

Annotations:
D:11 Psyche


Innate Abilities, Weirdness & Mutations

You reflexively headbutt those who attack you in melee.
You have a pair of horns on your head.


Message History

You barely miss Grum.
Grum is almost dead.
The wolf bites you but does no damage.
Your iron troll bites Grum!!!
Grum dies!
Trog accepts your kill. The wolf bites you.
Items here: ! ) [ † a -1 spear; a +0 animal skin; a pink potion; the gnoll corpse of Grum You closely miss the wolf.
Your headbutt misses the wolf.
Your iron troll closely misses the wolf.
Your iron troll claws the wolf!!
The wolf dies!
Trog accepts your kill.
A cyclops comes into view.
You feel a strong urge to attack something.
You are no longer berserk.
You are exhausted.
You feel yourself slow down.
The cyclops throws a large rock.
The large rock hits you!!!
You die...

..###########.................#
..............................#
#############################.#
#.# #.# #.# ####
####################.# ....
..........††.........# ....
.......@.T†..........# ..$.
.......#####...####### ....
....... #...# .... .......
#...# .... ..C.... #...# ....
....... #...# .... .......
#...# ....... #.... ......


You could see a cyclops and a friendly iron troll (berserk).

Vanquished Creatures
  Erolcha (D:9)
  A two-headed ogre (D:9)
  3 death yaks
  A gargoyle (D:10)
  A centaur skeleton (D:11)
  A troll (D:11)
  A hornet (D:11)
  2 hippogriffs
  Sigmund (D:3)
  A wraith (D:10)
  3 yaks (D:11)
  A wyvern (D:10)
  2 porcupines
  2 ice beasts (D:10)
  A black bear (D:8)
  A phantom (D:8)
  A necrophage (D:8)
  2 orc warriors
  6 ogres
  3 wolves (D:11)
  7 centaurs
  5 bullfrogs
  3 scorpions
  5 wights (D:8)
  A howler monkey (D:4)
  3 crimson imps
  A centaur zombie (D:10)
  2 hounds
  A quasit (D:7)
  6 jellies
  3 orc priests
  2 gnoll shamans
  3 bullfrog skeletons
  Ijyb (D:3)
  Terence (D:3)
  6 orc wizards
  7 worker ants
  A hound skeleton (D:8)
  A worker ant zombie (D:10)
  A howler monkey skeleton (D:5)
  14 adders
  20 gnolls
  2 river rats (D:11)
  3 shadow imps
  2 adder skeletons
  3 worms
  2 dart slugs (D:1)
  4 leopard geckos
  28 orcs
  A ball python (D:3)
  7 giant cockroaches
  11 goblins
  8 hobgoblins
  3 iguanas
  9 jackals
  2 kobolds
  3 quokkas
  A ball python zombie (D:5)
  8 bats
  5 frilled lizards
  A leopard gecko skeleton (D:4)
  A leopard gecko zombie (D:5)
  A quokka skeleton (D:9)
  10 rats
  A withered plant (D:3)
245 creatures vanquished.

Vanquished Creatures (collateral kills)
  Grum (D:11)
  2 yaks (D:11)
  A wolf (D:11)
  A bullfrog (D:11)
5 creatures vanquished.

Vanquished Creatures (others)
  An ice beast (D:9)
1 creature vanquished.

Grand Total: 251 creatures vanquished

Notes
Turn   | Place    | Note
-------+----------+-------------------------------------------
     0 | D:1      | ragvald the Minotaur Berserker began the quest for the Orb.
     0 | D:1      | Reached XP level 1. HP: 19/19 MP: 0/0
   400 | D:1      | Reached XP level 2. HP: 26/26 MP: 1/1
   515 | D:1      | Reached ** piety under Trog
   515 | D:1      | Reached skill level 5 in Maces & Flails
   559 | D:1      | Reached XP level 3. HP: 27/31 MP: 2/2
   986 | D:2      | HP: 1/31 [gnoll/+0 spear (1)]
   990 | D:2      | Reached XP level 4. HP: 2/39 MP: 3/3
  1563 | D:2      | Found a shimmering blue altar of Sif Muna.
  1836 | D:2      | Reached XP level 5. HP: 26/45 MP: 4/4
  2142 | D:3      | Noticed Ijyb
  2148 | D:3      | Found a hide-covered altar of Uskayaw.
  2159 | D:3      | Killed Ijyb
  2185 | D:3      | Found a basalt altar of Yredelemnul.
  2240 | D:3      | Noticed Terence
  2246 | D:3      | Killed Terence
  2306 | D:3      | Noticed Sigmund
  2312 | D:3      | Killed Sigmund
  2312 | D:3      | Reached XP level 6. HP: 51/51 MP: 5/5
  2921 | D:3      | Found a shimmering altar of Xom.
  3336 | D:4      | Reached *** piety under Trog
  3339 | D:4      | Reached XP level 7. HP: 57/57 MP: 6/6
  3383 | D:4      | Found a shimmering altar of Xom.
  3666 | D:4      | Reached skill level 10 in Maces & Flails
  3750 | D:4      | Got a smoking jade ring
  3791 | D:4      | Identified the ring of the Present {rC- Str+5 Stlth+} (You
                  | found it on level 4 of the Dungeon)
  3793 | D:4      | Found a blossoming altar of Fedhas.
  3916 | D:5      | Entered Level 5 of the Dungeon
  4123 | D:5      | Reached XP level 8. HP: 33/64 MP: 7/7
  4444 | D:5      | Got a crystal mace
  4446 | D:5      | Identified the cursed +1 mace of Punishment {pain, Dex+7}
                  | (You found it on level 5 of the Dungeon)
  4464 | D:5      | Found Fahoiwo's Gadget Shoppe.
  4477 | D:5      | Reached **** piety under Trog
  4492 | D:5      | Found an opulent altar of Gozag.
  4879 | D:6      | Reached skill level 1 in Staves
  5701 | D:7      | Reached skill level 5 in Staves
  5893 | D:7      | Found a staircase to the Ecumenical Temple.
  6056 | D:7      | Reached XP level 9. HP: 66/70 MP: 8/8
  6167 | D:7      | Found a stormy altar of Qazlal.
  6890 | D:8      | Found an iron altar of Okawaru.
  6968 | D:8      | Reached skill level 10 in Staves
  6978 | D:8      | Reached ***** piety under Trog
  7158 | D:8      | Found a glowing golden altar of the Shining One.
  7209 | D:8      | Found a bloodstained altar of Trog.
  7529 | D:9      | Noticed a two-headed ogre
  7535 | D:9      | Killed a two-headed ogre
  7535 | D:9      | Reached XP level 10. HP: 35/77 MP: 9/9
  7956 | D:9      | Noticed Erolcha
  7964 | D:9      | Killed Erolcha
  7975 | D:9      | Reached skill level 5 in Fighting
  8266 | D:10     | Entered Level 10 of the Dungeon
  8398 | D:10     | Noticed a gargoyle
  8404 | D:10     | Killed a gargoyle
  8462 | D:10     | Reached skill level 5 in Armour
  8603 | D:10     | Received a gift from Trog
  8639 | D:10     | Reached skill level 5 in Dodging
  8823 | D:11     | Noticed a death yak
  8825 | D:11     | Found a staircase to the Lair.
  8827 | D:11     | Noticed a death yak
  8827 | D:11     | Noticed a death yak
  8834 | D:11     | Killed a death yak
  8842 | D:11     | Killed a death yak
  9041 | D:10     | Killed a death yak
  9041 | D:10     | Reached XP level 11. HP: 31/92 MP: 10/10
  9369 | D:11     | Noticed Psyche
  9444 | D:11     | Noticed Grum
  9466 | D:11     | Killed Grum
  9470 | D:11     | Hit by a large rock thrown by a cyclops

Levels and vault maps discovered:
D:1:      nagdon_arrival_double_spiral, layout_loops_ring
D:2:      cheibrodos_old_hovel, layout_basic, led_sif_pool,
          minmay_goblin_kobold_house
D:3:      layout_basic, lemuel_crystal_altar, yredelemnul_altar_generic,
          dk_xom_monty_hall, uniq_ijyb, uniq_sigmund, uniq_terence
D:4:      minmay_octagon_keep, layout_loops_ring, marbit_many_paths,
          kennysheep_mini_moat
D:5:      layout_gridville, kennysheep_mini, serial_shops, nicolae_shop_crystal,
          first_ration
D:6:      layout_basic, serial_glass, glass_columns_a, glass_columns_a,
          glass_columns_a, glass_columns_c
D:7:      layout_basic, minmay_temple_entry_mist, grunt_qazlal_sundering
D:8:      layout_cave_pools, okawaru_altar_gauntlet_db,
          nicolae_overflow_crystal_walls, grunt_ogre_cave,
          chequers_serial_rivers_micro_a, st_stairs_10, tso_altar
D:9:      layout_roguey, uniq_erolcha
D:10:     layout_gridville
D:11:     layout_small_grid, dpeg_lair_monsters, uniq_grum, uniq_psyche,
          uniq_sonja

Skill      XL: |  1  2  3  4  5  6  7  8  9 10 11 |
---------------+----------------------------------+-----
Maces & Flails | 4 5 6 7 8 9 11 12 | 12.2
Staves         | 7 12 | 12.0
Fighting       | 7 8 |  8.4
Armour         | 6 7 |  7.9
Dodging        | 6 7 |  7.2

Action                   |  1- 3 |  4- 6 |  7- 9 | 10-12 || total
-------------------------+-------+-------+-------+-------++-------
Melee: Mace              |    60 |   118 |    13 |       ||   191
       Headbutt          |     9 |    27 |    56 |    42 ||   134
       Unarmed           |       |    13 |       |       ||    13
       Flail             |       |       |   108 |       ||   108
       Lajatang          |       |       |   150 |   163 ||   313
Invok: Berserk           |       |     3 |     2 |     3 ||     8
       Brothers in Arms  |       |       |     1 |     1 ||     2
  Use: Scroll            |       |     7 |     6 |     3 ||    16
  Eat: Ration            |       |     4 |     4 |     3 ||    11
Armor: Ring mail         |     6 |       |       |       ||     6
       Animal skin       |     1 |       |       |       ||     1
       Chain mail        |    20 |    33 |       |       ||    53
       Skin              |       |     3 |       |       ||     3
       Plate armour      |       |     6 |   179 |    61 ||   246
Dodge: Dodged            |    39 |    50 |   147 |    70 ||   306

Table legend:
 A = Non-vault XP
 B = Vault XP
 C = Vault XP percentage of total XP
 D = Non-vault monster count
 E = Vault monster count
 F = Vault count percentage of total count
                 A         B        C        D         E       F
            +---------+---------+-------+---------+---------+-------
      Total |    9499 |    5242 |  35.6 |     213 |      37 |  14.8
            +---------+---------+-------+---------+---------+-------
        D:1 |      43 |       0 |   0.0 |      24 |       0 |   0.0
        D:2 |     174 |      17 |   8.9 |      28 |       3 |   9.7
        D:3 |      51 |     397 |  88.6 |       8 |       6 |  42.9
        D:4 |     491 |     138 |  21.9 |      21 |       5 |  19.2
        D:5 |     352 |       0 |   0.0 |      21 |       0 |   0.0
        D:6 |     463 |       0 |   0.0 |      20 |       0 |   0.0
        D:7 |     764 |       0 |   0.0 |      16 |       0 |   0.0
        D:8 |    1362 |     144 |   9.6 |      21 |       7 |  25.0
        D:9 |    1739 |    1064 |  38.0 |      17 |       1 |   5.6
       D:10 |    1979 |     978 |  33.1 |      24 |       2 |   7.7
       D:11 |    2081 |    2504 |  54.6 |      13 |      13 |  50.0
            +---------+---------+-------+---------+---------+-------
